 Dungeon Crawl Stone Soup version 0.18-a0-1396-g8753ca6 (webtiles) character file.

25635 namelastname112 the Destroyer (level 12, -13/106 HPs)
             Began as a Grey Draconian Conjurer on Feb 24, 2016.
             Was a High Priest of Dithmenos.
             Hit by a large rock thrown by a cyclops (48 damage)
             ... on level 13 of the Dungeon.
             The game lasted 00:38:42 (15697 turns).

namelastname112 the Destroyer (DrCj)               Turns: 15697, Time: 00:38:42

Health: -13/106    AC: 17    Str: 12    XL:     12   Next: 91%
Magic:  12/27      EV: 15    Int: 23    God:    Dithmenos [*****.]
Gold:   833        SH:  0    Dex: 12    Spells: 3 memorised, 26 levels left

rFire  . . .     SeeInvis .     s - staff of wizardry
rCold  + . .     Gourm    .     (armour unavailable)
rNeg   . . .     Faith    .     (no shield)
rPois  .         Spirit   .     w - +0 hat
rElec  .         Dismiss  .     A - +0 cloak
rCorr  .         Reflect  .     D - +0 pair of gloves
SustAt .         Harm     .     f - +1 pair of boots {Fly}
MR     .....                    y - amulet of magic regeneration
Stlth  ++........               O - ring of Odghuirul {Str+3 Int+3}
                                E - ring of protection from cold

@: flying, wreathed by umbra, studying Fighting, not resistant to hostile
enchantments, unstealthy
A: walk through water, unfitting armour, mutation resistance 1, screaming 1,
weak 1, unbreathing, cold-blooded, AC +13
a: Shadow Step, Shadow Form, Renounce Religion, Stop Flying


You were on level 13 of the Dungeon.
You worshipped Dithmenos.
Dithmenos was extremely pleased with you.
You were not hungry.

You visited 1 branch of the dungeon, and saw 13 of its levels.
You also visited: Bailey.

You collected 833 gold pieces.

Inventory:

Hand Weapons
 i - a +2 executioner's axe of freezing
 v - a +1 dagger
Armour
 f - a +1 pair of boots of flying (worn)
 w - a +0 hat (worn)
 A - a +0 cloak (worn)
 D - a +0 pair of gloves (worn)
Magical Staves
 s - an uncursed staff of wizardry (weapon)
Jewellery
 y - an amulet of magic regeneration (around neck)
 E - a ring of protection from cold (left hand)
 H - a cursed amulet of inaccuracy {unknown}
 O - the ring of Odghuirul (right hand) {Str+3 Int+3}
   (You took it off a centaur on level 12 of the Dungeon)

   [ring of intelligence]

   It affects your strength (+3).
   It affects your intelligence (+3).
Wands
 r - a wand of disintegration (1/24)
 J - a wand of digging (24/24)
 L - a wand of iceblast (5/15)
 M - a wand of disintegration (5/24)
 R - a wand of iceblast (3/15)
Scrolls
 e - 5 scrolls of amnesia
 g - 2 scrolls of enchant weapon
 h - 4 scrolls of identify
 j - 8 scrolls of teleportation
 k - a scroll of fear
 F - 3 scrolls of remove curse
 I - a scroll of enchant armour
 P - a scroll of blinking
 Q - a scroll of fog
Potions
 d - 2 potions of heal wounds
 m - a potion of cancellation
 n - 5 potions of degeneration
 o - a potion of brilliance
 q - 3 potions of flight
 t - a potion of berserk rage
 u - 2 potions of cure mutation
 z - 3 potions of resistance
 B - 4 potions of agility
 C - 3 potions of might
 G - a potion of lignification
 N - 2 potions of curing
Books
 a - a book of Conjurations

   Spells                             Type                      Level
   a - Magic Dart                     Conjuration                  1
   b - Searing Ray                    Conjuration                  2
   c - Dazzling Spray                 Conjuration/Hexes            3
   d - Fulminant Prism                Conjuration/Hexes            4
   e - Iskenderun's Mystic Blast      Conjuration                  4
   f - Iskenderun's Battlesphere      Conjuration/Charms           5
 c - a manual of Fighting
 l - a book of Clouds

   Spells                             Type                      Level
   a - Mephitic Cloud                 Conjuration/Poison/Air       3
   b - Conjure Flame                  Conjuration/Fire             3
   c - Poisonous Cloud                Conjuration/Poison/Air       6
   d - Freezing Cloud                 Conjuration/Ice/Air          6
   e - Ring of Flames                 Charms/Fire                  7
 x - a book of Beasts

   Spells                             Type                      Level
   a - Summon Butterflies             Summoning                    1
   b - Call Canine Familiar           Summoning                    3
   c - Summon Ice Beast               Ice/Summoning                4
   d - Summon Mana Viper              Hexes/Summoning              5
   e - Summon Hydra                   Summoning                    7
Comestibles
 b - 8 bread rations
 p - 10 fruits
 S - 3 royal jellies


   Skills:
 + Level 10.0 Fighting
 - Level 0.6 Short Blades
 + Level 6.3 Dodging
 - Level 1.8 Stealth
 + Level 11.7 Spellcasting
 + Level 12.8 Conjurations
 - Level 9.4 Charms


You had 26 spell levels left.
You knew the following spells:

 Your Spells              Type           Power        Failure   Level  Hunger
a - Iskenderun's Battles  Conj/Chrm      ######..     1%          5    ####...
x - Searing Ray           Conj           ######       1%          2    None
z - Magic Dart            Conj           ####         1%          1    None


Dungeon Overview and Level Annotations

Branches:
Dungeon (13/15)            Temple (0/1) D:5            Lair (0/8) D:10
    Orc (0/2) D:10
 Vaults: D:13-14

Altars:
Ashenzari
Cheibriados
Dithmenos
Fedhas
Okawaru
Qazlal
Ru


Innate Abilities, Weirdness & Mutations

You can walk through water.
Your dull iron-grey scales are very hard (AC +13).
Your body does not fit into most forms of armour.
You can survive without breathing.
You are cold-blooded and may be slowed by cold attacks.
You are somewhat resistant to further mutation.
You occasionally shout uncontrollably at your foes.
You are weak. (Str -2)


Message History

Casting: Iskenderun's Battlesphere
Confirm with . or Enter, or press ? or * to list all spells.
Aiming: Magic Dart
Press: ? - help, Shift-Dir - straight line, f/p - cyclops
Aim: a cyclops (lightly wounded, umbra)
The magic dart hits the cyclops.
The cyclops is lightly wounded.
Your shadow mimicks your spell!
The shadow shard hits the cyclops.
Your battlesphere fires!
The barrage of energy hits the cyclops.
The cyclops is heavily wounded.
The cyclops throws a large rock.
The large rock hits your battlesphere!!!
Your battlesphere is destroyed!
Casting: Magic Dart
Confirm with . or Enter, or press ? or * to list all spells.
You conjure a globe of magical energy.
The cyclops throws a large rock.
The large rock hits you!!!
You die...

#.#######..)#########
#.# #.......# #.# #.#
#.......# #.# #.#
#.......# #.# #.#
#.......# #.. #.#
#.......# #.# #.#
#...###.. #.#
###.###########
##.#.# #...*.@(.§..#
#.# ###.#.#######C#
#.# #.............
#.# ###.........#.
#.. #..######.# ###
#.....# #.###.#
#..)†# # ##...#


You could see a cyclops and a friendly battlesphere.

Vanquished Creatures
  The ghost of B1inky the Carver, a journeyman DgFi (D:12)
  2 hydras
  2 rakshasas (D:11)
  Erica (D:8)
  2 unseen horrors
  3 hill giants
  2 deep elf magi
  A cyclops (D:9)
  4 ugly things
  A manticore (D:13)
  Joseph (D:8)
  Psyche (D:11)
  2 gargoyles
  5 trolls
  A two-headed ogre (D:13)
  The ghost of dvd the Cudgeler, an amateur OgBe of Trog (D:3)
  A vampire (D:12)
  4 hippogriffs
  3 yaks (D:13)
  Eustachio (D:4)
  3 wolves
  Grum (D:10)
  5 hungry ghosts
  A steam dragon (D:10)
  3 wargs (D:10)
  A mottled dragon (D:13)
  A water moccasin (D:11)
  2 sky beasts
  16 orc warriors
  A wasp (D:9)
  A necrophage (D:10)
  2 phantoms (D:9)
  2 ice beasts
  14 centaurs
  3 ogres
  A crocodile (D:13)
  A big kobold (D:12)
  16 giant frogs
  A howler monkey (D:6)
  3 scorpions
  A wight (D:11)
  24 killer bees
  2 spriggan skeletons (D:10)
  A troll skeleton (D:10)
  6 crimson imps
  A wasp zombie (D:6)
  3 giant frog zombies
  2 quasits
  5 centaur skeletons
  2 centaur zombies
  9 orc priests
  A giant frog skeleton (D:8)
  4 hounds
  4 jellies
  4 iguanas
  9 orc wizards
  6 worker ants
  A worker ant zombie (D:10)
  17 adders
  2 shadow imps
  2 adder skeletons
  6 worms
  4 dart slugs
  8 giant geckos
  63 orcs
  4 ball pythons
  8 bats
  5 giant cockroaches
  15 goblins
  6 hobgoblins
  14 jackals
  2 quokkas
  7 giant newts
  A jackal zombie (D:6)
  14 kobolds
  A quokka skeleton (D:8)
  8 rats
389 creatures vanquished.

Vanquished Creatures (others)
  2 bushes (D:9)
  8 plants (D:9)
10 creatures vanquished.

Grand Total: 399 creatures vanquished

Notes
Turn   | Place    | Note
--------------------------------------------------------------
     0 | D:1      | namelastname112 the Draconian Conjurer began the quest for the Orb.
     0 | D:1      | Reached XP level 1. HP: 14/14 MP: 3/3
   150 | D:1      | Reached XP level 2. HP: 18/20 MP: 0/5
   188 | D:1      | Learned a level 2 spell: Searing Ray
   731 | D:1      | Reached XP level 3. HP: 24/26 MP: 2/7
  1606 | D:2      | Reached XP level 4. HP: 33/33 MP: 1/9
  2076 | D:2      | Found a faded altar to an unknown god.
  2264 | D:3      | Reached skill level 5 in Conjurations
  2408 | D:3      | Reached XP level 5. HP: 38/38 MP: 7/10
  2552 | D:3      | Noticed dvd's ghost (amateur OgBe)
  2690 | D:4      | Noticed Eustachio
  2838 | D:4      | Killed Eustachio
  2838 | D:4      | Reached XP level 6. HP: 40/45 MP: 3/12
  3028 | D:4      | Learned a level 5 spell: Iskenderun's Battlesphere
  4162 | D:3      | Killed dvd's ghost
  4162 | D:3      | Reached skill level 6 in Conjurations
  4434 | D:5      | Entered Level 5 of the Dungeon
  4438 | D:5      | Reached skill level 5 in Spellcasting
  4438 | D:5      | Reached XP level 7. HP: 50/50 MP: 8/14
  4438 | D:5      | Your scales start taking on a dull iron-grey colour.
  4438 | D:5      | Gained mutation: You can survive without breathing. [Grey Draconian growth]
  4501 | D:5      | Gained mutation: You regenerate slowly when monsters are visible. [mutagenic meat]
  4502 | D:5      | Gained mutation: You occasionally shout uncontrollably at your foes. [mutagenic meat]
  4503 | D:5      | Lost mutation: You regenerate slowly when monsters are visible. [mutagenic meat]
  4505 | D:5      | Gained mutation: You are somewhat resistant to further mutation. [mutagenic meat]
  4639 | D:2      | Became a worshipper of Dithmenos the Shadowed
  4639 | D:2      | Reached * piety under Dithmenos
  5159 | D:5      | Found a stormy altar of Qazlal.
  5332 | D:5      | Found a staircase to the Ecumenical Temple.
  5600 | D:5      | Reached XP level 8. HP: 45/58 MP: 7/16
  6130 | D:6      | Reached skill level 7 in Conjurations
  6293 | D:6      | Found an iron altar of Okawaru.
  6314 | D:6      | Reached ** piety under Dithmenos
  6972 | D:6      | Reached skill level 10 in Conjurations
  6972 | D:6      | Reached XP level 9. HP: 63/63 MP: 17/21
  7169 | D:7      | Found a flagged portal.
  7192 | Bailey   | Entered a bailey
  7528 | Bailey   | Reached *** piety under Dithmenos
  7793 | Bailey   | Reached XP level 10. HP: 70/70 MP: 16/23
  9292 | D:8      | Found a snail-covered altar of Cheibriados.
  9372 | D:8      | Reached **** piety under Dithmenos
  9561 | D:8      | Noticed Erica
  9686 | D:8      | Killed Erica
  9686 | D:8      | Reached skill level 11 in Conjurations
  9991 | D:8      | Noticed Joseph
 10002 | D:8      | Killed Joseph
 10281 | D:9      | Reached skill level 10 in Spellcasting
 10281 | D:9      | Reached XP level 11. HP: 65/75 MP: 10/25
 10505 | D:9      | Found a sacrificial altar of Ru.
 10720 | D:9      | Found a blossoming altar of Fedhas.
 10923 | D:10     | Entered Level 10 of the Dungeon
 11092 | D:10     | Reached skill level 1 in Fighting
 11103 | D:10     | Noticed Grum
 11105 | D:10     | Reached ***** piety under Dithmenos
 11368 | D:10     | Killed Grum
 11510 | D:10     | Found a staircase to the Lair.
 11688 | D:10     | Found a shattered altar of Ashenzari.
 11736 | D:10     | Found a staircase to the Orcish Mines.
 12287 | D:11     | Noticed a five-headed hydra
 12291 | D:11     | Noticed a four-headed hydra
 12294 | D:11     | Noticed a hill giant
 12303 | D:11     | Killed a five-headed hydra
 12305 | D:11     | Noticed a deep elf mage
 12310 | D:12     | Killed a four-headed hydra
 12310 | D:12     | Reached skill level 5 in Fighting
 12544 | D:12     | Gained mutation: You are weak. (Str -2) [potion of mutation]
 12699 | D:12     | Noticed B1inky's ghost (journeyman DgFi)
 12838 | D:12     | Killed an unseen horror
 12906 | D:12     | Noticed a hill giant
 12921 | D:12     | Killed a hill giant
 12921 | D:12     | Reached skill level 12 in Conjurations
 13013 | D:12     | Noticed a cyan ugly thing
 13024 | D:12     | Killed a cyan ugly thing
 13291 | D:12     | Reached XP level 12. HP: 97/97 MP: 18/26
 13367 | D:12     | Killed B1inky's ghost
 13486 | D:12     | Got a steaming ivory ring
 13608 | D:12     | Identified a scroll of acquirement
 13621 | D:12     | Identified the ring of Odghuirul {Str+3 Int+3} (You took it off a centaur on level 12 of the Dungeon)
 13728 | D:11     | Reached skill level 5 in Dodging
 14092 | D:11     | Noticed Psyche
 14097 | D:11     | Killed Psyche
 14228 | D:11     | Noticed a rakshasa
 14241 | D:11     | Killed a rakshasa
 14303 | D:11     | Noticed a rakshasa
 14318 | D:11     | Killed a rakshasa
 15671 | D:13     | Reached skill level 10 in Fighting
 15697 | D:13     | Hit by a large rock thrown by a cyclops

Vault maps used:
D:1:      dpeg_arrival_pits, minmay_distorted
D:2:      first_bread, ecumenical_altar_1
D:4:      hex_tiny, uniq_eustachio
D:5:      grunt_qazlal_clouds, temple_fountains
D:6:      hangedman_glass_teeth, minmay_misc_feat_doors, grunt_ministairs_15,
          okawaru_metal_pillars_3
D:7:      enter_bailey_3
D:8:      lemuel_round_altar, uniq_erica, uniq_joseph
D:9:      fedhas_altar_decomposition, lemuel_doored_altar
D:10:     erik_lair_orcish_takeover, david_orc_2, basic_altar,
          hangedman_tell_no_tales, uniq_grum
D:11:     minmay_strange_pillars, minivault_28, uniq_psyche
D:13:     erik_vaults_1
Bailey:   bailey_polearm_flooded_kennysheep, bailey

Skill      XL: |  1  2  3  4  5  6  7  8  9 10 11 12 |
---------------+-------------------------------------+-----
Spellcasting   | 3 4 5 8 9 10 11 | 11.7
Conjurations   | 5 6 10 11 12 | 12.8
Charms         | 2 3 7 8 9 |  9.4
Fighting       | 6 10 | 10.0
Dodging        | 4 6 |  6.3
Short Blades   | |  0.6
Stealth        | |  1.8

Action                   |  1- 3 |  4- 6 |  7- 9 | 10-12 || total
-------------------------+-------+-------+-------+-------++-------
Melee: Unarmed           |    17 |       |       |       ||    17
       Dagger            |    11 |    43 |    38 |     6 ||    98
       Staff             |       |       |       |     1 ||     1
 Cast: Magic Dart        |    92 |    97 |   201 |   545 ||   935
       Searing Ray       |       |    15 |    19 |    33 ||    67
       Iskenderun's Batt |       |       |     6 |    88 ||    94
Evoke: Wand              |       |       |       |     2 ||     2
       Deck              |       |       |       |     3 ||     3
  Use: Potion            |       |     1 |     1 |     5 ||     7
       Scroll            |       |       |    16 |    15 ||    31
 Stab: Sleeping          |     1 |       |       |       ||     1
  Eat: Chunk             |     2 |     5 |    14 |    30 ||    51
       Royal jelly       |       |     2 |       |     1 ||     3
       Beef jerky        |       |       |     1 |       ||     1
       Pizza             |       |       |     1 |     2 ||     3
       Meat ration       |       |       |       |     2 ||     2
